 Dungeon Sprint DCSS version 0.29-a0-723-gce39da1c22 (webtiles) character file.

Game seed: 6644285948138211075

522 Hipnos the Covert (level 7, -4/32 HPs)
             Began as a Spriggan Enchanter on June 28, 2022.
             Was an Initiate of Vehumet.
             Slain by a polar bear (8 damage)
             ... in the Dungeon (Sprint II: "The Violet Keep of Menkaure").
             The game lasted 00:03:32 (641 turns).

Hipnos the Covert (Spriggan Enchanter)               Turns: 641, Time: 00:03:33

Health: -4/32      AC:  2    Str:  4    XL:     7   Next: 2%
Magic:  4/19       EV: 20    Int: 19    God:    Vehumet [......]
Gold:   243        SH:  0    Dex: 15    Spells: 14/22 levels left

rFire   . . .      SeeInvis +   a - +1 dagger
rCold   . . .      Faith    .   (no shield)
rNeg    . . .      Spirit   .   b - +0 robe
rPois   .          Reflect  .   (helmet restricted)
rElec   .          Harm     .   (no cloak)
rCorr   .          Rampage  .   (gloves unavailable)
Will    +....      NoTele   +   (boots unavailable)
Stlth   +++++.....              (no amulet)
HPRegen 0.10/turn               (no ring)
MPRegen 0.16/turn               (no ring)

@: hasted, very quick
A: very small, no large weapons, unfitting armour, see invisible, speed 3
a: Renounce Religion


You were in the Dungeon.
You worshipped Vehumet.
Vehumet was noncommittal.
You visited 1 branch You collected 243 gold pieces.

Inventory:

Hand Weapons
 a - a +1 dagger (weapon)
Armour
 b - a +0 robe (worn)
Scrolls
 i - a scroll of blinking
Potions
 c - 2 potions of invisibility
 g - 2 potions of magic


   Skills:
 + Level 0.6 Fighting
 + Level 3.4 Short Blades
 + Level 6.3 Dodging
 * Level 13.2 Stealth
 + Level 8.0 Spellcasting
 * Level 2.0 Conjurations
 + Level 10.8 Hexes
 + Level 2.1 Ice Magic


You had 14 spell levels left.
You knew the following spells:

 Your Spells              Type           Power      Damage    Failure   Level
a - Confusing Touch       Hex            48%        N/A       1%          3
b - Ensorcelled Hibernat  Hex/Ice        64%        N/A       1%          2
c - Dazzling Flash        Conj/Hex       64%        N/A       1%          3

Your spell library contained the following spells:

 Spells                   Type           Power      Damage    Failure   Level
 Tukima's Dance           Hex            48%        N/A       1%          3


Dungeon Overview and Level Annotations

Branches:
Dungeon (1/1)

Altars:
Cheibriados
Dithmenos
Elyvilon
Fedhas
Gozag
Hepliaklqana
Kikubaaqudgha
Makhleb
Nemelex Xobeh
Okawaru
Qazlal
Ru
Sif Muna
Trog
Uskayaw
Vehumet
Wu Jian
Xom
Yredelemnul
Zin
The Shining One
Beogh
Jiyva
Lugonu

Shops:
D =:?[!:!([*[

Annotations:
D exclusion: obsidian statue


Innate Abilities, Weirdness & Mutations

You are very small and have problems with some larger weapons.
You are too small for most types of armour.
You have supernaturally acute eyesight. (SInv)
You cover ground extremely quickly. (Speed+++)


Message History

Confirm with . or Enter, or press ? or * to list all spells.
Aiming: Ensorcelled Hibernation (safe; 1% risk of failure)
Press: ? - help, Shift-Dir - straight line, f/p - hornet
Aim: a hornet (chance to affect: 50%)
The hornet resists with some effort.
The hornet misses you. x2
Casting: Ensorcelled Hibernation (safe; 1% risk of failure)
Confirm with . or Enter, or press ? or * to list all spells.
Aiming: Ensorcelled Hibernation (safe; 1% risk of failure)
Press: ? - help, Shift-Dir - straight line, f/p - hornet
Aim: a hornet (chance to affect: 50%)
The hornet resists with some effort.
The hornet closely misses you.
Casting: Ensorcelled Hibernation (safe; 1% risk of failure)
Confirm with . or Enter, or press ? or * to list all spells.
Aiming: Ensorcelled Hibernation (safe; 1% risk of failure)
Press: ? - help, Shift-Dir - straight line, f/p - hornet
Aim: a hornet (chance to affect: 50%)
The hornet resists with some effort.
The hornet barely misses you. The hornet misses you.
Casting: Ensorcelled Hibernation (safe; 1% risk of failure)
Confirm with . or Enter, or press ? or * to list all spells.
Aiming: Ensorcelled Hibernation (safe; 1% risk of failure)
Press: ? - help, Shift-Dir - straight line, f/p - hornet
Aim: a hornet (chance to affect: 50%)
The hornet looks drowsy...
The helpless hornet fails to defend itself.
You stick the hornet like a pincushion!!!
You kill the hornet!
Vehumet accepts your kill.
Your Short Blades skill increases to level 3!
Your Dodging skill increases to level 6!
Your Stealth skill increases to level 13!
Your Spellcasting skill increases to level 8!
Your Conjurations skill gained 2 levels and is now at level 2!
Your Ice Magic skill increases to level 2!
You have reached level 7!
Casting: Ensorcelled Hibernation (safe; 1% risk of failure)
Confirm with . or Enter, or press ? or * to list all spells.
You can't see any susceptible monsters within range! (Use Z to cast anyway.)
You feel yourself speed up. The polar bear bites you!
You die...

##++## ##≈...###
e§.....# #....# ≈
+@h..# ≈≈≈ ####.# ≈≈
## ## +.### ≈≈ l# #l
#...# ## ≈≈### .#$
..## ##..# c# [?$
≈##.###+# #..# +..#
y#▓?(??) ≈##..##.##
#..# #h^# .#▓)!$[)
≈'.##'.<.+
+..####..##h#▓$$?!=
≈##..##.##
#....###...##▓▓▓▓▓▓▓


You could see a polar bear.

Vanquished Creatures
  A hornet (D)
  Menkaure (D)
  4 scorpions (D)
6 creatures vanquished.

Vanquished Creatures (others)
  A water moccasin (D)
1 creature vanquished.

Grand Total: 7 creatures vanquished

Notes
Turn   | Place    | Note
-------+----------+-------------------------------------------
     0 | D        | Hipnos the Spriggan Enchanter began the quest for the Orb.
     0 | D        | Reached XP level 1. HP: 9/9 MP: 5/5
     1 | D        | Noticed a wyvern
     1 | D        | Noticed a wyvern
     4 | D        | Noticed a scorpion
     4 | D        | Noticed a scorpion
     4 | D        | Noticed a scorpion
     4 | D        | Noticed a scorpion
    11 | D        | Killed a scorpion
    12 | D        | Reached skill level 7 in Stealth
    12 | D        | Reached XP level 2. HP: 12/13 MP: 6/8
    12 | D        | Reached XP level 3. HP: 15/16 MP: 6/9
    13 | D        | Killed a scorpion
    14 | D        | Reached skill level 9 in Stealth
    14 | D        | Reached skill level 5 in Spellcasting
    14 | D        | Reached XP level 4. HP: 14/21 MP: 7/12
    25 | D        | Learned a level 3 spell: Confusing Touch
    28 | D        | Learned a level 2 spell: Ensorcelled Hibernation
    94 | D        | Killed a water moccasin
   264 | D        | Learned a level 3 spell: Dazzling Flash
   267 | D        | Killed a scorpion
   267 | D        | Noticed Menkaure
   268 | D        | Reached skill level 5 in Dodging
   268 | D        | Reached skill level 10 in Stealth
   268 | D        | Reached XP level 5. HP: 17/24 MP: 14/14
   295 | D        | Killed Menkaure
   296 | D        | Reached skill level 12 in Stealth
   296 | D        | Reached skill level 10 in Hexes
   296 | D        | Reached skill level 1 in Ice Magic
   296 | D        | Reached XP level 6. HP: 26/28 MP: 2/17
   495 | D        | Found Nukhlawn's Antique Armour Shoppe.
   496 | D        | Found Mufiar's General Store.
   496 | D        | Found Duaheeh's Antique Armour Shoppe.
   496 | D        | Found Icedwa's Antique Weapon Emporium.
   498 | D        | Found Icugham's Distillery.
   498 | D        | Found Efuocila's Book Shoppe.
   498 | D        | Found Xinagaiv's Distillery.
   498 | D        | Found Jeizxuzorr's Antique Armour Shoppe.
   499 | D        | Found Wozagg's Magic Scroll Emporium.
   499 | D        | Found Ralec's Book Shoppe.
   499 | D        | Found Niwoic's Jewellery Shoppe.
   499 | D        | Noticed a shining eye
   506 | D        | Noticed an obsidian statue
   515 | D        | Found an opulent altar of Gozag.
   515 | D        | Found an iron altar of Okawaru.
   516 | D        | Found a blossoming altar of Fedhas.
   516 | D        | Found a sparkling altar of Nemelex Xobeh.
   517 | D        | Found a white marble altar of Elyvilon.
   517 | D        | Found a burning altar of Makhleb.
   517 | D        | Found a radiant altar of Vehumet.
   518 | D        | Found a shadowy altar of Dithmenos.
   518 | D        | Found a corrupted altar of Lugonu.
   518 | D        | Found a hide-covered altar of Uskayaw.
   518 | D        | Noticed a polar bear
   519 | D        | Found an ancient bone altar of Kikubaaqudgha.
   519 | D        | Found a snail-covered altar of Cheibriados.
   519 | D        | Found a bloodstained altar of Trog.
   519 | D        | Found a glowing silver altar of Zin.
   520 | D        | Found a viscous altar of Jiyva.
   520 | D        | Found a shimmering blue altar of Sif Muna.
   520 | D        | Found a basalt altar of Yredelemnul.
   523 | D        | Found a hazy altar of Hepliaklqana.
   523 | D        | Found a sacrificial altar of Ru.
   524 | D        | Found a shimmering altar of Xom.
   525 | D        | Found a stormy altar of Qazlal.
   525 | D        | Found an ornate altar of the Wu Jian Council.
   525 | D        | Found a glowing golden altar of the Shining One.
   525 | D        | Noticed a hornet
   526 | D        | Noticed a yaktaur
   530 | D        | Noticed a water moccasin
   531 | D        | Noticed a water moccasin
   536 | D        | Became a worshipper of Vehumet
   615 | D        | Noticed a polar bear
   632 | D        | Noticed a deep elf master archer
   640 | D        | Killed a hornet
   641 | D        | Reached skill level 13 in Stealth
   641 | D        | Reached XP level 7. HP: 4/32 MP: 4/19
   641 | D        | Slain by a polar bear

Illustrated notes

Levels and vault maps discovered:
D:        the_violet_keep_of_menkaure [sprint2_stairs_cluster_1,
          sprint2_shoproom, sprint2_temple, sprint2_basic_supplies,
          sprint2_obstacle_3, sprint2_obstacle_7, sprint2_obstacle_5,
          sprint2_obstacle_2, sprint2_obstacle_4, sprint2_timed_cluster_1,
          sprint2_smallroom_cluster_1, sprint2_smallroom_final_cluster_1,
          sprint2_transparent_cluster_1, sprint2_second_timed_cluster_1,
          sprint2_sniper_area_1, sprint2_heavy_combat_area_1,
          sprint2_mutation_trap_area_1, sprint2_forest_area_1,
          sprint2_light_combat_area_1, sprint2_behind_water_1,
          sprint2_near_end_vault_1]

Skill      XL: |  1  2  3  4  5  6 |
---------------+-------------------+-----
Dodging        | 4 5 6 |  6.3
Stealth        | 7 9 10 12 13 | 13.2
Spellcasting   | 4 5 7 8 |  8.0
Hexes          | 6 8 9 10 | 10.8
Short Blades   | 2 3 |  3.4
Ice Magic      | 1 2 |  2.1
Conjurations   | 2 |  2.0
Fighting       | |  0.6

Action                   |  1- 3 |  4- 6 |  7- 9 || total
-------------------------+-------+-------+-------++-------
Melee: Dagger            |     7 |    20 |       ||    27
 Cast: Ensorcelled Hiber |       |    11 |       ||    11
       Confusing Touch   |       |     2 |       ||     2
       Dazzling Flash    |       |     1 |       ||     1
  Use: Potion            |     1 |     2 |     1 ||     4
 Stab: Sleeping          |       |     3 |       ||     3
       Confused          |       |     1 |       ||     1
       Invisible         |       |     1 |       ||     1
Dodge: Dodged            |     2 |    30 |       ||    32

Table legend: (Time is in decaauts)
 A = Elapsed time spent in this place.
 B = Non-inter-level travel time spent in this place.
 C = Inter-level travel time spent in this place.
 D = Time resting spent in this place.
 E = Time spent auto-exploring this place.
 F = Levels seen in this place.
 G = Mean time per level.
                   A        B        C        D        E       F      G
               +--------+--------+--------+--------+--------+-----+--------+
         Total |    633 |    633 |      0 |    514 |      0 |   1 |  633.0 |
       Dungeon |    633 |    633 |      0 |    514 |      0 |   1 |  633.0 |
               +--------+--------+--------+--------+--------+-----+--------+

Top non-repeatable levels by time:
       D: 633 daAuts
